 Dungeon Crawl Stone Soup version 0.27.0-1-g7a089689b8 (webtiles) character file.

Game seed: 14143162244010034715

217 Spaninq the Cutter (level 5, -2/32 HPs)
             Began as a Deep Elf Fighter on Aug 9, 2021.
             Was a Believer of Fedhas.
             Slain by an iguana (10 damage)
             ... on level 4 of the Dungeon.
             The game lasted 00:07:49 (3707 turns).

Spaninq the Cutter (Deep Elf Fighter)               Turns: 3707, Time: 00:07:50

Health: -2/32      AC:  6    Str: 14    XL:     5   Next: 62%
Magic:  7/7        EV: 10    Int: 13    God:    Fedhas [**....]
Gold:   97         SH:  0    Dex: 14    Spells: 4/4 levels left

rFire    . . .     SeeInvis .   a - +1 rapier
rCold    . . .     Faith    .   (no shield)
rNeg     . . .     Spirit   .   b - +0 scale mail
rPois    .         Reflect  .   (no helmet)
rElec    .         Harm     .   (no cloak)
rCorr    .         Rampage  .   (no gloves)
Will     .....                  (no boots)
Stlth    ..........             (no amulet)
HPRegen  0.10/turn              (no ring)
MPRegen  0.10/turn              (no ring)

@: no status effects
A: no striking features
a: Renounce Religion, Wall of Briars


You were on level 4 of the Dungeon.
You worshipped Fedhas.
Fedhas was pleased with you.
You visited 1 branch of the dungeon, and saw 4 of its levels.

You collected 97 gold pieces.

Inventory:

Hand Weapons
 a - a +1 rapier (weapon)
Missiles
 h - 4 poisoned darts (quivered)
Armour
 b - a +0 scale mail (worn)
 c - a +0 kite shield
Scrolls
 i - 3 scrolls of noise {unknown}
 l - a scroll of amnesia
Potions
 d - a potion of might
 e - a potion of brilliance
 f - a potion of lignification {unknown}
 g - a potion of ambrosia {unknown}
 j - a potion of curing
 k - a potion of haste {unknown}
 n - a potion of invisibility {unknown}


   Skills:
 + Level 3.1 Fighting
 * Level 4.1 Short Blades
 + Level 3.2 Armour
 + Level 2.6 Dodging
 - Level 2.4 Shields


You had 4 spell levels left.
You didn't know any spells.
Your spell library contained the following spells:

 Spells                   Type           Power      Damage    Failure   Level
 Passwall                 Tmut/Erth      0%         N/A       88%         2
 Swiftness                Air            0%         N/A       98%         3
 Invisibility             Hex            0%         N/A       100%        6


Dungeon Overview and Level Annotations

Branches:
Dungeon (4/15)             Temple (0/1) D:4

Altars:
Fedhas

Annotations:
D:3 1 runed translucent door, Crazy Yiuf


Message History

You hit the iguana.
The iguana is moderately wounded.
The iguana misses you.
You closely miss the iguana.
The iguana is moderately wounded.
The iguana closely misses you.
You hit the iguana but do no damage.
The iguana is moderately wounded.
The iguana bites you but does no damage.
You hit the iguana but do no damage.
The iguana is moderately wounded.
The iguana barely misses you.
You hit the iguana.
The iguana is heavily wounded.
The iguana barely misses you.
You closely miss the iguana.
The iguana is heavily wounded.
The iguana barely misses you.
You hit the iguana but do no damage.
The iguana is heavily wounded.
The iguana bites you but does no damage.
You hit the iguana.
The iguana is severely wounded.
The iguana barely misses you.
You hit the iguana.
The iguana is severely wounded.
The iguana bites you!
You hit the iguana.
The iguana is almost dead.
The iguana bites you.
* * * LOW HITPOINT WARNING * * *
You hit the iguana but do no damage.
The iguana is almost dead.
The iguana bites you!
* * * LOW HITPOINT WARNING * * *
You hit the iguana.
The iguana is almost dead.
The iguana bites you!
You die...
Fedhas appreciates your contribution to the ecosystem.

#.# #.# ######## #.# #.#
#......### #.# ###.#
##.####.... #.####.#.#
#..........
#.<...#.>#######..########
######.#............#
#.######.......#
#.######.......#
#..l@..........#
########.......# #......)#
#.......# #########


You could see an iguana.

Vanquished Creatures
  A bullfrog (D:4)
  A bullfrog zombie (D:3)
  Natasha (D:2)
  2 adders (D:3)
  4 worms
  2 dart slugs
  An orc (D:3)
  3 ball pythons (D:1)
  5 bats
  7 endoplasms
  2 giant cockroaches (D:1)
  7 goblins
  6 hobgoblins
  4 kobolds
  9 quokkas
  4 rats
59 creatures vanquished.

Notes
Turn   | Place    | Note
-------+----------+-------------------------------------------
     0 | D:1      | Spaninq the Deep Elf Fighter began the quest for the Orb.
     0 | D:1      | Reached XP level 1. HP: 13/13 MP: 3/3
   123 | D:1      | Reached XP level 2. HP: 8/18 MP: 4/4
   398 | D:1      | Reached skill level 1 in Dodging
   543 | D:1      | Found a faded altar of an unknown god.
   557 | D:1      | Became a worshipper of Fedhas Madash
   557 | D:1      | Reached * piety under Fedhas
   670 | D:1      | Reached XP level 3. HP: 20/22 MP: 5/5
   928 | D:2      | Noticed an ogre
  1695 | D:2      | Reached ** piety under Fedhas
  1696 | D:2      | Reached skill level 3 in Short Blades
  2245 | D:3      | Noticed Natasha
  2273 | D:2      | Killed Natasha
  2274 | D:2      | Reached XP level 4. HP: 14/27 MP: 6/6
  2873 | D:3      | Reached XP level 5. HP: 31/32 MP: 7/7
  3267 | D:3      | Found a runed translucent door.
  3268 | D:3      | Noticed Crazy Yiuf
  3358 | D:4      | Reached skill level 4 in Short Blades
  3620 | D:4      | Found a staircase to the Ecumenical Temple.
  3640 | D:4      | HP: 1/32 [iguana (8)]
  3707 | D:4      | Slain by an iguana

Illustrated notes

Levels and vault maps discovered:
D:1:      sevenhm_arrival_forest_fort_small_3, layout_rooms,
          shapermc_ecumenical_altar_acropolis
D:2:      layout_basic
D:3:      layout_rooms, uniq_crazy_yiuf_cottage, uniq_natasha
D:4:      layout_loops_ring, minmay_temple_entry_grid

Skill      XL: |  1  2  3  4  5 |
---------------+----------------+-----
Dodging        | 1 2 |  2.6
Short Blades   | 3 4 |  4.1
Fighting       | 3 |  3.1
Armour         | 3 |  3.2
Shields        | |  2.4

Action                   |  1- 3 |  4- 6 || total
-------------------------+-------+-------++-------
Melee: Rapier            |   161 |    92 ||   253
Invok: Wall of Briars    |     1 |       ||     1
  Use: Scroll            |     6 |     1 ||     7
       Potion            |       |     1 ||     1
Armor: Scale mail        |    66 |    33 ||    99
Dodge: Dodged            |    72 |    42 ||   114
